 Dungeon Crawl Stone Soup version 0.25-a0-166-g16436c4407 (webtiles) character file.

Game seed: 13253774710331278534, levelgen mode: deterministic

1735 mortelune the Firebug (level 8, -1/41 HPs)
             Began as a Deep Elf Fire Elementalist on Nov 23, 2019.
             Was an Initiate of Vehumet.
             Shot with an arrow by a centaur (11 damage)
             ... on level 8 of the Dungeon.
             The game lasted 00:19:03 (11711 turns).

mortelune the Firebug (Deep Elf Fire Elementalist) Turns: 11711, Time: 00:19:04

Health: -1/41      AC:  4    Str:  6    XL:     8   Next: 76%
Magic:  3/20       EV: 16    Int: 22    God:    Vehumet [......]
Gold:   224        SH:  0    Dex: 15    Spells: 5/20 levels left

rFire    + . .     SeeInvis +   v - +2 morningstar (protect)
rCold    + + .     Gourm    .   (no shield)
rNeg     . . .     Faith    .   G - +1 robe "Garezic" {rC+}
rPois    +         Spirit   .   (no helmet)
rElec    .         Reflect  .   J - scarf {rC+ rF+}
rCorr    .         Harm     .   y - +0 pair of gloves
MR       .....                  (no boots)
Stlth    ++........             (no amulet)
HPRegen  0.13/turn              o - ring of poison resistance
MPRegen  0.17/turn              B - ring of see invisible

@: no status effects
A: no striking features
a: Renounce Religion


You were on level 8 of the Dungeon.
You worshipped Vehumet.
Vehumet was noncommittal.
You were not hungry.

You visited 2 branches of the dungeon, and saw 9 of its levels.
You also visited: Sewer.

You collected 350 gold pieces.
You spent 126 gold pieces at shops.

Inventory:

Hand Weapons
 b - a +0 dagger
 d - a +0 falchion
 v - a +2 morningstar of protection (weapon)
Armour
 a - a +0 robe
 q - a +0 robe
 x - a +0 cloak
 y - a +0 pair of gloves (worn)
 G - the +1 robe "Garezic" (worn) {rC+}
   (You found it on level 5 of the Dungeon)

   It protects you from cold.
 H - a cursed +0 shield
 J - a scarf of resistance (worn)
Magical Staves
 l - an uncursed staff of cold
Jewellery
 o - a ring of poison resistance (left hand)
 B - a ring of see invisible (right hand)
 M - a cursed amulet of inaccuracy
 N - an uncursed ring of positive energy {unknown}
Wands
 F - a wand of acid (9)
 K - a wand of polymorph (4)
 L - a wand of digging (6)
 O - a wand of enslavement (5)
Scrolls
 f - 6 scrolls of remove curse
 h - 10 scrolls of teleportation
 i - 5 scrolls of immolation
 k - a scroll of random uselessness
 t - a scroll of enchant armour
 u - a scroll of enchant weapon
 C - 3 scrolls of fear
 E - a scroll of magic mapping
Potions
 e - 2 potions of brilliance
 g - 2 potions of heal wounds
 j - a potion of flight
 m - a potion of invisibility
 n - 2 potions of lignification
 p - a potion of haste
 r - a potion of curing
 s - 2 potions of berserk rage
 w - a potion of mutation
 z - a potion of degeneration {unknown}
 D - a potion of agility {unknown}
 I - a potion of might {unknown}
Comestibles
 c - 9 rations


   Skills:
 + Level 6.0 Dodging
 - Level 2.4 Stealth
 + Level 6.6 Spellcasting
 * Level 7.1 Conjurations
 * Level 7.8 Fire Magic


You had 5 spell levels left.
You knew the following spells:

 Your Spells              Type           Power        Failure   Level  Hunger
a - Flame Tongue          Conj/Fire      #####        1%          1    None
b - Throw Flame           Conj/Fire      #####.       1%          2    None
c - Conjure Flame         Conj/Fire      #####...     1%          3    #......
d - Sticky Flame          Conj/Fire      #####...     3%          4    ###....
e - Fireball              Conj/Fire      #####.....   11%         5    #####..

Your spell library contained the following spells:

 Spells                   Type           Power        Failure   Level  Hunger
 Inner Flame              Hex/Fire       ###.....     4%          3    #......
 Animate Skeleton         Necr           N/A          9%          1    None
 Pain                     Necr           #...         9%          1    None
 Regeneration             Chrm/Necr      #.........   26%         3    #......
 Vampiric Draining        Necr           #.........   26%         3    #......
 Animate Dead             Necr           N/A          63%         4    ###....


Dungeon Overview and Level Annotations

Branches:
Dungeon (8/15)             Temple (1/1) D:7           Sewer (visited)
   Lair: D:8-11

Altars:
Cheibriados
Dithmenos
Fedhas
Hepliaklqana
Kikubaaqudgha
Makhleb
Nemelex Xobeh
Ru
Uskayaw
Vehumet
Wu Jian
Xom
Yredelemnul
Zin
The Shining One

Shops:
D:4 [*

Annotations:
D:3 2 transporters, Leeroy's ghost, weakling DrSk


Message History

The arrow closely misses you.
The centaur shoots an arrow.
The arrow barely misses you.
You see here 3 arrows.
The centaur shoots an arrow.
The arrow hits you!
Things that are here:
an arrow; a spear
There is a stone staircase leading up here.
Casting: Flame Tongue (safe; 1% risk of failure)
Confirm with . or Enter, or press ? or * to list all spells.
Aiming: Sticky Flame (safe; 4% risk of failure)
Press: ? - help, Shift-Dir - straight line, f/p - iguana
Aim: an iguana (severely wounded)
The sticky flame hits the iguana.
You kill the iguana!
Vehumet accepts your kill.
Your Dodging skill increases to level 6!
The centaur shoots an arrow.
The arrow hits you!
* * * LOW HITPOINT WARNING * * *
The centaur shoots an arrow.
The arrow hits you!
You die...

................
.............#.. .
.............. ..
......##...# ..<
#.....#...#... .
#............
#.###........#
..........†@.##
#...##c#.....##
###......###....#
##.#.##(..###.#### .
..... #.#(##...# ..
.....###.(###.#####.##
.........c..##.#......#
.......................
##......c..............


You could see a centaur.

Vanquished Creatures
  A hungry ghost (D:7)
  An orc warrior (D:7)
  A sky beast (D:5)
  A phantom (D:7)
  4 ogres
  A centaur (D:6)
  A bullfrog (D:6)
  2 scorpions
  A hound (D:6)
  2 bullfrog skeletons
  An orc wizard (D:7)
  An orc priest (D:5)
  4 iguanas
  3 worker ants
  2 hound skeletons (D:4)
  4 gnolls
  17 adders
  3 river rats
  2 shadow imps
  An ooze (D:4)
  An adder skeleton (D:4)
  3 worms
  2 dart slugs
  4 leopard geckos
  33 orcs
  5 giant cockroaches
  5 goblins
  4 hobgoblins
  9 jackals
  6 quokkas
  12 ball pythons
  5 bats
  8 frilled lizards
  6 kobolds
  A leopard gecko zombie (D:6)
  16 rats
173 creatures vanquished.

Notes
Turn   | Place    | Note
-------+----------+-------------------------------------------
     0 | D:1      | mortelune the Deep Elf Fire Elementalist began the quest
                  | for the Orb.
     0 | D:1      | Reached XP level 1. HP: 10/10 MP: 6/6
     6 | D:1      | Noticed an anaconda
     6 | D:1      | Noticed a black bear
     6 | D:1      | Noticed an iguana
   127 | D:1      | Noticed a five-headed hydra
   127 | D:1      | Noticed a hound
   758 | D:1      | Reached XP level 2. HP: 14/15 MP: 5/8
   807 | D:1      | Learned a level 2 spell: Throw Flame
  1828 | D:2      | Reached XP level 3. HP: 19/19 MP: 4/9
  2214 | D:2      | Learned a level 3 spell: Conjure Flame
  2948 | D:3      | Reached XP level 4. HP: 24/24 MP: 3/11
  3175 | D:2      | Learned a level 4 spell: Sticky Flame
  3842 | D:3      | Reached XP level 5. HP: 15/28 MP: 8/13
  4104 | D:3      | Found a transporter.
  4104 | D:3      | Noticed Leeroy's ghost (weakling DrSk)
  4144 | D:3      | Found a transporter.
  4868 | D:4      | Noticed an ogre
  4873 | D:4      | Killed an ogre
  4873 | D:4      | Reached skill level 5 in Fire Magic
  4873 | D:4      | Reached XP level 6. HP: 32/32 MP: 5/14
  5354 | D:4      | Found Sushal's Mayhem Merchandise.
  5467 | D:4      | Found Jacrefed's Armour Boutique.
  5523 | D:4      | Bought a +0 cloak for 63 gold pieces
  5523 | D:4      | Bought a +0 pair of gloves for 63 gold pieces
  5989 | D:5      | Entered Level 5 of the Dungeon
  6619 | D:5      | Reached XP level 7. HP: 36/36 MP: 1/16
  6723 | D:5      | Reached skill level 5 in Spellcasting
  6789 | D:5      | Learned a level 5 spell: Fireball
  6822 | D:5      | Reached skill level 5 in Conjurations
  7401 | D:5      | Got an ominously black robe
  7412 | D:5      | Identified the +1 robe "Garezic" {rC+} (You found it on
                  | level 5 of the Dungeon)
  7532 | D:6      | Found a glowing drain.
  7543 | Sewer    | Entered a sewer
  8256 | D:6      | Reached skill level 5 in Dodging
  8346 | D:6      | Reached XP level 8. HP: 21/41 MP: 9/18
  9464 | D:7      | Found a staircase to the Ecumenical Temple.
  9476 | Temple   | Entered the Ecumenical Temple
  9578 | Temple   | Became a worshipper of Vehumet
 11711 | D:8      | Shot with an arrow by a centaur

Levels and vault maps discovered:
D:1:      onia_arrival_zoo_common, layout_loops_ring
D:2:      layout_loops_ring, chequers_serial_rivers_micro_e, minmay_pentomino_u4
D:3:      layout_rooms, first_ration, gammafunk_ghost_arena,
          chequers_serial_rivers_room_a, minmay_snake_closets
D:4:      layout_basic, serial_shops, shop, minmay_shop_mayhem
D:5:      layout_cave_pods, minivault_25
D:6:      layout_loops_ring, lightli_sewer_entry_pipes, serial_park_tiny_2
D:7:      layout_layer_cave, minmay_temple_entry_ruins
D:8:      layout_cave_pools, grunt_livestock, nemelex_xobeh_ov_fountains_minmay
Temple:   kilobyte_greek_temple

Skill      XL: |  1  2  3  4  5  6  7  8 |
---------------+-------------------------+-----
Conjurations   | 2 3 4 5 7 |  7.1
Fire Magic     | 4 5 6 7 |  7.8
Dodging        | 3 4 5 6 |  6.0
Spellcasting   | 4 5 6 |  6.6
Stealth        | |  2.4

Action                   |  1- 3 |  4- 6 |  7- 9 || total
-------------------------+-------+-------+-------++-------
Melee: Dagger            |     1 |       |       ||     1
       Staff             |     3 |       |       ||     3
       Falchion          |       |     1 |     2 ||     3
 Cast: Flame Tongue      |    49 |    87 |    72 ||   208
       Throw Flame       |    22 |    54 |    81 ||   157
       Sticky Flame      |       |     3 |     3 ||     6
       Conjure Flame     |       |     1 |       ||     1
       Fireball          |       |       |     7 ||     7
  Use: Scroll            |     8 |     2 |    13 ||    23
       Potion            |       |       |     1 ||     1
  Eat: Chunk             |     5 |    13 |    12 ||    30
       Ration            |       |       |     2 ||     2
Armor: Robe              |     3 |     6 |     5 ||    14
Dodge: Dodged            |    13 |    13 |    19 ||    45
       Rpst.: Falchion   |       |     1 |     7 ||     8

Table legend:
 A = Non-vault XP
 B = Vault XP
 C = Vault XP percentage of total XP
 D = Non-vault monster count
 E = Vault monster count
 F = Vault count percentage of total count
                 A         B        C        D         E       F
            +---------+---------+-------+---------+---------+-------
      Total |    2284 |     195 |   7.9 |     139 |      34 |  19.7
            +---------+---------+-------+---------+---------+-------
        D:1 |      24 |       0 |   0.0 |      16 |       0 |   0.0
        D:2 |      87 |       5 |   5.4 |      19 |       2 |   9.5
        D:3 |      94 |      73 |  43.7 |      24 |       8 |  25.0
        D:4 |     314 |       0 |   0.0 |      19 |       0 |   0.0
        D:5 |     406 |       0 |   0.0 |      14 |       0 |   0.0
        D:6 |     520 |      60 |  10.3 |      20 |       8 |  28.6
        D:7 |     779 |       0 |   0.0 |      21 |       0 |   0.0
        D:8 |      60 |       0 |   0.0 |       6 |       0 |   0.0
      Sewer |       0 |      57 | 100.0 |       0 |      16 | 100.0
            +---------+---------+-------+---------+---------+-------
